Map: Dusk Towers

Players

LilDicky

  • Race: Terran Terran
  • League: Diamond

Seaweed - Winner!

  • Race: Zerg Zerg
  • League: Master

VOD

http://www.twitch.tv/tumescentpie

Description

Time

  • Played on: Jan. 1, 2016, 7:46 p.m.
  • Length: 9:23
Show
View Real Time Build Order
Export as new Build Order

LilDicky Terran 

Build Orders: Command Center First (CC) 

Get SALT Encoding   

  12  0:01  SCV  
  13  0:13  SCV  
  14  0:17  Supply Depot  
  14  0:25  SCV  
  15  0:39  SCV  
  16  0:51  SCV  
  17  1:01  Command Center  
  17  1:05  SCV  
  18  1:17  SCV  
  19  1:24  Barracks  
  19  1:29  SCV  
  20  1:40  Barracks  
  20  1:41  SCV  
  20  1:45  Barracks  
  21  1:53  SCV  
  22  2:01  Supply Depot  
  22  2:05  SCV  
  23  2:18  Orbital Command x2  
  23  2:27  Marine  
  24  2:31  Marine x2  
  24  2:35  Barracks  
  26  2:42  Barracks  
  26  2:46  Marine  
  26  2:49  Marine  
  26  2:50  Marine  
  29  2:53  SCV  
  31  3:05  SCV  
  32  3:07  Supply Depot, Marine x2, SCV  
  34  3:18  Marine  
  34  3:20  Barracks  
  34  3:25  Marine x2  
  36  3:27  Barracks  
  36  3:29  Marine x2  
  36  3:32  SCV x2  
  40  3:38  Supply Depot, Marine  
  41  3:43  Marine x2  
  41  3:47  Marine x2  
  45  3:51  SCV x2  
  47  3:56  Marine  
  47  4:00  Marine  
  47  4:02  Marine  
  50  4:05  SCV  
  50  4:06  Marine  
  52  4:11  Marine x2  
  52  4:13  SCV  
  52  4:14  Marine  
  52  4:15  Marine  
  57  4:18  SCV, Marine  
  57  4:20  Marine  
  57  4:24  Marine  
  61  4:29  Marine  
  62  4:43  Marine  
  62  4:44  Marine x2  
  62  4:45  Marine  
  62  4:52  Marine x3  
  62  5:11  Marine  
  62  5:14  Barracks  
  62  5:15  Marine x2  
  62  5:16  SCV x2, Marine x4  
  62  5:17  Barracks  
  62  5:18  Barracks  
  47  5:29  Marine  
  47  5:33  Marine x6  
  50  5:42  SCV  
  50  5:43  SCV  
  50  5:47  Supply Depot, Marine  
  50  5:48  Supply Depot  
  47  5:50  Marine  
  47  5:51  Marine x5  
  52  6:05  Marine  
  52  6:08  Marine  
  52  6:09  Marine x8  
  62  6:15  Refinery  
  62  6:19  Refinery  
  62  6:22  Marine  
  62  6:24  Refinery  
  62  6:25  SCV  
  64  6:26  Marine x3  
  64  6:27  Refinery, Marine x3  
  64  6:31  Marine x2  
  64  6:32  Marine  
  73  6:40  Marine  
  73  6:44  Marine  
  73  6:46  Marine x2  
  77  7:00  Marine x2  
  65  7:01  Marine  
  65  7:02  Marine  
  65  7:03  SCV  
  65  7:05  Barracks Tech Lab x3  
  61  7:11  Marine x2  
  63  7:18  Marine x2  
  63  7:20  SCV x2  
  67  7:29  Barracks Reactor  
  67  7:47  Command Center  
  67  7:48  Combat Shields  
  67  7:50  Concussive Shells  
  67  7:51  Barracks Tech Lab  
  67  7:52  Barracks Reactor x2  
  67  7:54  Barracks Tech Lab  
  67  7:55  Marine x2  
  67  7:56  Marauder  
  67  7:58  Barracks Tech Lab  
  71  7:59  Marine  
  71  8:00  SCV x2  
  74  8:12  SCV x2, Marine  
  76  8:13  Marine  
  76  8:14  Marine x2  
  76  8:15  Marauder x2  
  76  8:16  Marine  
  76  8:17  Marauder x2  
  89  8:24  SCV  
  81  8:30  Marine x2  
  78  8:35  Marine, Marauder  
  78  8:36  Marauder  
  85  8:48  Engineering Bay  
  82  8:55  Marine  
Show
View Real Time Build Order
Export as new Build Order

Seaweed Zerg - Winner!

Build Orders: Hatch First, Muta Ling Bane 

Get SALT Encoding   

  12  0:01  Drone  
  13  0:08  Drone  
  14  0:17  Overlord  
  14  0:35  Drone x2  
  16  0:37  Drone  
  17  0:46  Drone  
  18  0:59  Hatchery  
  18  1:03  Drone  
  18  1:13  Spawning Pool  
  18  1:15  Drone  
  18  1:19  Drone  
  19  1:40  Hatchery  
  19  1:45  Drone x2  
  20  1:57  Overlord  
  20  2:00  Queen  
  22  2:12  Queen  
  22  2:14  Zergling x4  
  26  2:19  Drone  
  26  2:22  Drone  
  28  2:26  Drone  
  28  2:27  Extractor  
  28  2:37  Drone x2  
  28  2:44  Drone  
  31  2:52  Overlord  
  31  2:54  Drone x2  
  33  2:59  Queen  
  35  3:07  Drone x4  
  39  3:19  Overlord  
  39  3:20  Drone x2  
  39  3:21  Drone x2  
  39  3:25  Roach Warren  
  39  3:26  Extractor  
  41  3:43  Drone x3, Zergling x2  
  41  3:44  Zergling x12  
  51  3:51  Metabolic Boost  
  51  4:13  Lair  
  51  4:16  Extractor  
  50  4:25  Overlord  
  50  4:26  Overlord x2  
  50  4:35  Zergling x2  
  49  4:44  Zergling x2  
  49  4:45  Roach x2, Zergling x8  
  53  4:46  Roach x6  
  53  4:48  Zergling x4  
  53  4:49  Zergling x2  
  59  4:57  Zergling x6  
  60  5:10  Zergling x8  
  54  5:33  Drone x2  
  54  5:34  Drone x4  
  60  5:39  Spire  
  60  5:42  Drone x2  
  59  5:54  Drone  
  59  5:55  Overlord x3  
  56  6:17  Zergling x12  
  56  6:18  Zergling x2  
  63  6:19  Glial Reconstitution  
  63  6:27  Overlord  
  63  6:28  Zergling x2  
  63  6:32  Baneling Nest  
  63  6:37  Zergling x10  
  63  6:38  Zergling x4  
  68  6:54  Overlord x2  
  58  7:12  Mutalisk x4  
  58  7:13  Mutalisk x2  
  58  7:14  Mutalisk  
  72  7:26  Drone x4, Extractor  
  75  7:48  Centrifical Hooks  
  75  7:52  Zergling x2  
  75  7:53  Zergling x14  
  83  8:11  Zergling x4  
  83  8:12  Hatchery, Zergling x8  
  88  8:24  Zergling x6  
  88  8:26  Baneling x5  
  88  8:27  Baneling x3  
  90  8:38  Zergling x10  
  95  8:53  Zergling x4  
  95  8:54  Zergling x4  
  99  8:57  Overlord  
Tags
 
Add a new tag
Caveats
  • Supply blocks, unpowered buildings, or Contaminate may cause inaccurate times.
  • Supply counts are checked every 10 seconds.